 Dungeon Crawl Stone Soup version 0.27-a0-1123-g2f9bb313c0 (webtiles) character file.

Game seed: 6407769329634919832

275 Zeld the Skirmisher (level 6, -7/43 HPs)
             Began as an Octopode Fighter on May 3, 2021.
             Mangled by a gnoll
             ... wielding a +0 spear
              (9 damage)
             ... on level 3 of the Dungeon.
             The game lasted 00:05:14 (3199 turns).

Zeld the Skirmisher (Octopode Fighter)              Turns: 3199, Time: 00:05:14

Health: -7/43      AC:  1    Str: 18    XL:     6   Next: 24%
Magic:  6/6        EV: 11    Int: 10    God:
Gold:   132        SH:  9    Dex: 11    Spells: 5/5 levels left

rFire    . . .     SeeInvis .   a - +0 war axe
rCold    . . .     Faith    .   b - +0 kite shield
rNeg     . . .     Spirit   .   (helmet restricted)
rPois    .         Reflect  .   (no amulet)
rElec    .         Harm     .   (no ring)
rCorr    .         Rampage  .   (no ring)
Will     .....                  (no ring)
Stlth    ++........             (no ring)
HPRegen  0.14/turn              (no ring)
MPRegen  0.10/turn              (no ring)
                                (no ring)
                                (no ring)

@: no status effects
A: almost no armour, amphibious, 8 rings, camouflage 1, gelatinous body 1,
(nimble swimmer 1), tentacles
a: no special abilities


You were on level 3 of the Dungeon.
You visited 1 branch of the dungeon, and saw 3 of its levels.
You also visited: Sewer.

You collected 132 gold pieces.

Inventory:

Hand Weapons
 a - a +0 war axe (weapon)
Missiles
 k - 13 poisoned darts (quivered)
Armour
 b - a +0 kite shield (worn)
Scrolls
 d - 3 scrolls of magic mapping {unknown}
 f - 4 scrolls of teleportation
 g - 2 scrolls of identify {unknown}
 i - 2 scrolls of fear {unknown}
 o - a scroll of enchant armour {unknown}
Potions
 c - 2 potions of might
 e - a potion of heal wounds {unknown}
 h - 2 potions of magic {unknown}
 j - 4 potions of brilliance {unknown}
 l - 2 potions of flight {unknown}
 m - 2 potions of curing {unknown}
 n - 2 potions of resistance {unknown}


   Skills:
 - Level 4.1 Fighting
 - Level 3.3 Axes
 * Level 3.3 Throwing
 - Level 3.0 Dodging
 - Level 4.1 Shields


You had 5 spell levels left.
You didn't know any spells.
Your spell library was empty.

Dungeon Overview and Level Annotations

Branches:
Dungeon (3/15)              Sewer (visited)

Altars:


Innate Abilities, Weirdness & Mutations

You cannot wear most types of armour.
You are amphibious.
You can wear up to eight rings at the same time.
Your skin changes colour to match your surroundings (Stealth+).
Your rubbery body absorbs attacks. (AC +1, EV +1)
((You are camouflaged near water. (Stealth+)))
You have tentacles for arms and can constrict up to eight enemies at once.


Message History

A gnoll opens the door.
It is wielding a +0 spear.
The gnoll shouts!
You hear a shout!
The gnoll hits you with a +0 spear.
The gnoll shouts!
You hit the gnoll. You grab the gnoll.
The gnoll is heavily wounded.
You constrict the gnoll.
You hear a shout!
The gnoll struggles to escape constriction. x2
You hit the gnoll.
You kill the gnoll!
The gnoll hits you from afar with a +0 spear!
The gnoll hits you with a +0 spear. The gnoll closely misses you.
Things that are here:
a +0 spear; a gnoll corpse You hit the gnoll.
Your grab misses the gnoll.
You squeeze the gnoll, but do no damage.
The gnoll is heavily wounded.
You barely miss the gnoll. The gnoll barely misses you.
You block the gnoll's attack. x2; The gnoll closely misses you.
You hit the gnoll. You grab the gnoll.
The gnoll is heavily wounded.
You hit the gnoll. You constrict the gnoll. The gnoll misses you.
You slash the gnoll!
You kill the gnoll!
You barely miss the gnoll.
The gnoll hits you from afar with a +0 halberd.
The gnoll barely misses you.
The gnoll hits you from afar with a +0 halberd!
You block the gnoll's attack.
You hit the gnoll. You grab the gnoll.
The gnoll is heavily wounded.
You constrict the gnoll.
The gnoll hits you from afar with a +0 halberd!
* * * LOW HITPOINT WARNING * * *
The gnoll hits you with a +0 spear!
* * * LOW HITPOINT WARNING * * *
The gnoll barely misses you. You block the gnoll's attack.
You release your grip on the gnoll.
The gnoll hits you with a +0 spear!
You die...

......###......#.# #.#
..##### #......+.# ##.##
..# #......#.# #...# ..###
#......#.#######...######
..#..
................).........
.g#.#
###..####'#######.########
..#.#
##.#..)g................
g.#.#
.#.#.)g######.########
..#.#######.#.#.@.# #.# #
#.............#...# #.# #
#.............#...# #.# #
#.............#...# #.# #
..................# #.# #
......#g......#...# #.# #
......#.)........## #.# #
......#.......##.. #.# #
......####.##.##.#
#.########


You could see 2 gnolls.

Vanquished Creatures
  A kobold brigand (Sewer)
  An iguana (D:3)
  4 adders
  2 gnolls (D:3)
  5 river rats
  6 worms
  A dart slug (D:1)
  2 orcs (D:3)
  11 ball pythons
  4 endoplasms
  2 giant cockroaches
  4 goblins
  3 hobgoblins
  5 jackals (D:3)
  A quokka (D:1)
  3 bats
  2 frilled lizards (D:1)
  11 kobolds
  3 rats
71 creatures vanquished.

Notes
Turn   | Place    | Note
-------+----------+-------------------------------------------
     0 | D:1      | Zeld the Octopode Fighter began the quest for the Orb.
     0 | D:1      | Reached XP level 1. HP: 16/16 MP: 1/1
   206 | D:2      | Reached XP level 2. HP: 21/21 MP: 2/2
   721 | D:3      | Reached XP level 3. HP: 21/26 MP: 3/3
   802 | D:3      | Reached XP level 4. HP: 27/32 MP: 4/4
   943 | D:3      | Found a glowing drain.
   949 | Sewer    | Entered a sewer
  1280 | Sewer    | Reached XP level 5. HP: 35/37 MP: 5/5
  1576 | Sewer    | Noticed a kobold brigand
  1584 | Sewer    | Killed a kobold brigand
  1814 | D:3      | Reached XP level 6. HP: 43/43 MP: 6/6
  3198 | D:3      | HP: 2/43 [gnoll/+0 spear (10)]
  3199 | D:3      | Mangled by a gnoll

Illustrated notes

Levels and vault maps discovered:
D:1:      minmay_arrival_doors, layout_basic, minmay_tripent
D:2:      layout_loops_ring, grunt_decor_arrowhead, serial_park_tiny_pond,
          serial_park_tiny_pond
D:3:      layout_basic, lightli_sewer_entry_pipes, grunt_ministairs_14

Skill      XL: |  1  2  3  4  5  6 |
---------------+-------------------+-----
Axes           | 3 |  3.3
Fighting       | 4 |  4.1
Shields        | 4 |  4.1
Throwing       | 2 3 |  3.3
Dodging        | |  3.0

Action                   |  1- 3 |  4- 6 || total
-------------------------+-------+-------++-------
Melee: War axe           |    31 |    93 ||   124
       Constrict         |    12 |    24 ||    36
       Tentacles         |     7 |    21 ||    28
Throw: Dart              |       |     4 ||     4
  Use: Scroll            |       |     1 ||     1
 Stab: Sleeping          |     3 |     9 ||    12
Armor: Skin              |       |     4 ||     4
Dodge: Dodged            |    13 |    55 ||    68
Block: Kite shield       |    15 |    42 ||    57

Table legend: (Time is in decaauts)
 A = Elapsed time spent in this place.
 B = Non-inter-level travel time spent in this place.
 C = Inter-level travel time spent in this place.
 D = Time resting spent in this place.
 E = Time spent auto-exploring this place.
 F = Levels seen in this place.
 G = Mean time per level.
                   A        B        C        D        E       F      G
               +--------+--------+--------+--------+--------+-----+--------+
         Total |   3271 |   3160 |    111 |    104 |   2346 |   4 |  817.8 |
       Dungeon |   2473 |   2362 |    111 |    104 |   1727 |   3 |  824.3 |
         Sewer |    798 |    798 |      0 |      0 |    619 |   1 |  798.0 |
               +--------+--------+--------+--------+--------+-----+--------+

Top non-repeatable levels by time:
     D:3: 1002 daAuts
   Sewer: 798 daAuts
     D:1: 763 daAuts
     D:2: 707 daAuts
